 Dungeon Crawl Stone Soup version 0.28-a0-973-ga7f8b01127 (webtiles) character file.

Game seed: 5582979122192551659

667 sanka the Agent of Entropy (level 7, -9/55 HPs)
             Began as a Palentonga Abyssal Knight on Dec 1, 2021.
             Was a Priest of Lugonu.
             Mangled by an ogre (20 damage)
             ... on level 4 of the Dungeon.
             The game lasted 00:07:09 (4709 turns).

sanka the Agent of Entropy (PaAK)                   Turns: 4709, Time: 00:07:10

Health: -9/55      AC: 15    Str: 24    XL:     7   Next: 31%
Magic:  11/11      EV:  6    Int: 11    God:    Lugonu [***...]
Gold:   173        SH:  5    Dex: 10    Spells: 6/6 levels left

rFire   + . .      SeeInvis +   a - +0 war axe
rCold   . . .      Faith    .   (no shield)
rNeg    . . .      Spirit   .   l - +0 shadow dragon scales
rPois   .          Reflect  +   (no helmet)
rElec   .          Harm     .   (no cloak)
rCorr   .          Rampage  .   (no gloves)
Will    .....                   (no barding)
Stlth   ++........              q - amulet of reflection
HPRegen 0.18/turn               n - +6 ring of strength
MPRegen 0.12/turn               j - ring of protection from fire

@: curled up
A: large, rugged brown scales 3, see invisible, deformed body, roll 1, armoured
tail, reflexive curl
a: Rolling Charge, Renounce Religion, Depart the Abyss, Bend Space, Banish


You were on level 4 of the Dungeon.
You worshipped Lugonu.
Lugonu was most pleased with you.
You visited 1 branch of the dungeon, and saw 6 of its levels.
You visited the Abyss 1 time.

You collected 173 gold pieces.


Innate Abilities, Weirdness & Mutations

You are completely covered in rugged brown scales. (AC +3, +7% HP)
You have supernaturally acute eyesight. (SInv)
Armour fits poorly on your strangely shaped body.
You can roll at nearby foes to attack.
You have a long armoured tail.
You curl defensively after being hit. (AC +7*)


   Skills:
 - Level 3.0 Fighting
 - Level 6.0 Axes
 - Level 1.5 Armour
 - Level 0.7 Dodging
 + Level 6.4 Invocations


You had 6 spell levels left.
You didn't know any spells.
Your spell library was empty.

Inventory:

Hand Weapons
 a - a +0 war axe (weapon)
Armour
 b - a +0 leather armour
 l - +0 shadow dragon scales (worn)
Magical Staves
 f - a staff of fire
Jewellery
 j - a ring of protection from fire (right hand)
 m - a ring of positive energy
 n - a +6 ring of strength (left hand)
 q - an amulet of reflection (around neck)
Scrolls
 c - 2 scrolls of enchant armour {unknown}
 d - 2 scrolls of identify {unknown}
 e - 2 scrolls of teleportation {unknown}
 i - a scroll of summoning {unknown}
 k - a scroll of enchant weapon {unknown}
 o - 2 scrolls of noise {unknown}
 p - 2 scrolls of fog {unknown}
 s - a scroll of magic mapping {unknown}
Potions
 g - 2 potions of curing {unknown}
 h - a potion of lignification {unknown}
 r - a potion of brilliance {unknown}

Dungeon Overview and Level Annotations

Branches:
Dungeon (6/15)             Temple (0/1) D:6

Altars:

Shops:
D:4 *

Annotations:
D:5 1 runed translucent door, Crazy Yiuf

....▒▒.....▒▒▒▒.....▒▒
†▒..▒▒▒.......▒▒..▒▒▒
.▒..▒ ▒▒....▒.▒▒..▒▒▒
.▒..▒ ▒....▒.......▒
▒▒..▒ ▒▒.▒...▒.▒...▒
▒▒▒.▒ ▒..▒.....▒▒...▒
▒ ▒.▒ ▒▒.▒...>.▒ ▒▒▒▒
▒ .▒ ▒..▒..°.▒ ▒▒▒.▒
▒▒.....H▒ ......
........)O▒▒▒ ▒▒▒.▒▒
▒▒▒▒▒.▒.....▒▒
▒.▒...▒..▒
▒.▒...▒▒.▒▒▒▒▒▒
..▒...........▒ .
▒...▒.......▒
▒▒▒▒▒.......▒
▒.......▒


You could see an ogre.


Message History

You kill the ufetubus!
Lugonu accepts your kill.
No target in view!
No target in view!
You climb upwards.
The goblin shoots a sling bullet.
The sling bullet hits you!
The goblin shoots a sling bullet.
The sling bullet completely misses you.
There is a stone staircase leading down, spattered with blood here.
Unknown command.
Use which ability? (? or * to list) Roll where?
Aim: an ogre, wielding a +0 giant club You roll forward with a clatter of scales!
Your shadow dragon scales prevents you from hitting the ogre.
The ogre hits you with a +0 giant club!!
* * * LOW HITPOINT WARNING * * *
Unknown command.
You barely miss the goblin. You tail-slap the goblin.
You kill the goblin!
Lugonu accepts your kill.
You barely miss the ogre. The ogre hits you with a +0 giant club!
* * * LOW HITPOINT WARNING * * *
Unknown command.
You hit the ogre but do no damage.
The ogre hits you with a +0 giant club!!
You die...

Action                   |  1- 3 |  4- 6 |  7- 9 || total
-------------------------+-------+-------+-------++-------
Melee: Hand axe          |   103 |   190 |    21 ||   314
       Tailslap          |     8 |    23 |     8 ||    39
       War axe           |       |       |    18 ||    18
 Abil: Rolling Charge    |     2 |     9 |     2 ||    13
 Stab: Sleeping          |     1 |     3 |       ||     4
Armor: Leather armour    |    35 |       |       ||    35
       Shadow dragon sca |    23 |    84 |    17 ||   124
Dodge: Dodged            |    55 |    52 |    11 ||   118
Block: Other             |       |     4 |    20 ||    24
       Reflection        |       |       |     1 ||     1

Levels and vault maps discovered:
D:1:      saegor_arrival_simple_d, layout_loops_ring,
          dreamdust_ecumenical_altar_hidden_monk_grotto, minmay_misc_feat_doors
D:2:      layout_rooms
D:3:      layout_basic
D:4:      layout_rooms, nicolae_inconvenience_store
D:5:      layout_loops_ring, st_stairs_3, uniq_sigmund, uniq_crazy_yiuf_cottage
D:6:      minmay_chambers_of_threes, layout_basic, minmay_temple_entry_mist,
          uniq_maggie, uniq_duvessa

Notes
Turn   | Place    | Note
-------+----------+-------------------------------------------
     0 | Abyss:1  | sanka the Palentonga Abyssal Knight began the quest for the
                  | Orb.
     0 | Abyss:1  | Reached XP level 1. HP: 19/19 MP: 2/2
    34 | Abyss:1  | Found a corrupted altar of Lugonu.
    57 | D:1      | Escaped the Abyss
   245 | D:1      | Reached XP level 2. HP: 24/25 MP: 3/3
   340 | D:1      | Reached skill level 3 in Axes
   422 | D:1      | Found a faded altar of an unknown god.
   608 | D:1      | Reached ** piety under Lugonu
   800 | D:1      | Reached XP level 3. HP: 31/31 MP: 4/4
  1083 | D:2      | Identified +0 shadow dragon scales
  1193 | D:2      | Reached skill level 4 in Axes
  1632 | D:2      | Reached XP level 4. HP: 29/37 MP: 5/5
  1639 | D:2      | HP: 2/37 [gnoll (7)]
  2171 | D:2      | Reached skill level 5 in Axes
  2411 | D:3      | Reached XP level 5. HP: 43/43 MP: 6/6
  2854 | D:3      | Reached skill level 6 in Axes
  3241 | D:3      | Reached skill level 3 in Invocations
  3241 | D:3      | Reached XP level 6. HP: 49/50 MP: 8/8
  3666 | D:3      | Reached *** piety under Lugonu
  3667 | D:3      | Reached skill level 4 in Invocations
  3875 | D:4      | Reached skill level 5 in Invocations
  4033 | D:4      | Found Aseuwileju's Assorted Antiques.
  4122 | D:6      | Found a staircase to the Ecumenical Temple.
  4197 | D:6      | Gained mutation: You curl defensively after being hit. (AC
                  | +7*) [Palentonga growth]
  4197 | D:6      | Reached XP level 7. HP: 50/55 MP: 11/11
  4225 | D:5      | Entered Level 5 of the Dungeon
  4251 | D:5      | Reached skill level 6 in Invocations
  4606 | D:5      | Found a runed translucent door.
  4607 | D:5      | Noticed Crazy Yiuf
  4709 | D:4      | Mangled by an ogre

Vanquished Creatures
  A black bear (D:4)
  A phantom (D:5)
  A jelly (D:5)
  2 hounds
  An orc priest (D:3)
  A bullfrog skeleton (D:3)
  5 orc wizards
  A howler monkey zombie (D:6)
  4 gnolls (D:2)
  7 adders
  An ufetubus (D:5)
  3 worms (D:2)
  3 dart slugs
  13 orcs
  3 ball pythons
  4 bats (D:1)
  4 endoplasms
  8 giant cockroaches
  5 hobgoblins
  9 jackals
  4 kobolds
  6 quokkas
  3 frilled lizards
  3 goblins
  4 rats
97 creatures vanquished.
